 Dungeon Crawl Stone Soup version 0.20-a0-925-g2efaa84 (webtiles) character file.

6 AlphabetPasta the Scratcher (level 1, 0/9 HPs)
             Began as a Felid Transmuter on Mar 28, 2017.
             Slain by a hobgoblin
             ... wielding a +0 club
              (5 damage)
             ... on level 1 of the Dungeon.
             The game lasted 00:01:03 (367 turns).

AlphabetPasta the Scratcher (Felid Transmuter)       Turns: 367, Time: 00:01:03

Health: 0/9        AC:  1    Str:  6    XL:     1   Next: 75%
Magic:  3/4        EV: 18    Int: 14    God:
Gold:   0          SH:  0    Dex: 16    Spells: 3/4 levels left
                                        Lives:  0   Deaths: 0

rFire    . . .     SeeInvis +     - Unarmed
rCold    . . .     Gourm    .   (shield unavailable)
rNeg     . . .     Faith    .   (armour unavailable)
rPois    .         Spirit   .   (helmet unavailable)
rElec    .         Reflect  .   (cloak unavailable)
rCorr    .         Harm     .   (gloves unavailable)
MR       .....                  (boots unavailable)
Stlth    ++........             (no amulet)
Regen    0.1/turn               (no ring)
MPRegen  0.1/turn               (no ring)

@: appendage, quick
A: no armour, no weapons or thrown items, stealth, claws 1, fangs 3, horns 2,
see invisible, carnivore 3, speed 1, shaggy fur 1, slow metabolism 1, sharp paws
a: End Transformation


You were on level 1 of the Dungeon.
You were completely stuffed.
You had grown temporary horns.
You visited 1 branch of the dungeon, and saw 1 of its levels.

Inventory:

Missiles
 a - 12 arrows
Books
 b - a book of Changes

   Spells                             Type                      Level
   a - Beastly Appendage              Transmutation                1
   b - Sticks to Snakes               Transmutation                2
   c - Spider Form                    Transmutation/Poison         3
   d - Ice Form                       Ice/Transmutation            4
   e - Blade Hands                    Transmutation                5
Comestibles
 c - a meat ration
 d - a chunk of flesh


   Skills:
 + Level 1.1 Fighting
 + Level 2.8 Dodging
 * Level 3.1 Unarmed Combat
 + Level 2.1 Spellcasting
 * Level 2.2 Transmutations


You had 3 spell levels left.
You knew the following spells:

 Your Spells              Type           Power        Failure   Level  Hunger
a - Beastly Appendage     Tmut           #.....       12%         1    #......


Dungeon Overview and Level Annotations

Branches:
Dungeon (1/15)

Altars:


Innate Abilities, Weirdness & Mutations

You cannot wear armour.
You are incapable of wielding weapons or throwing items.
Your paws allow you to move quietly. (Stealth)
You have sharp claws.
You have razor-sharp teeth.
You have supernaturally acute eyesight. (SInv)
You are carnivorous and can eat meat at any time.
You cover ground quickly.
You are covered in fur. (AC +1)
You have a slow metabolism.
Your sharp claws are effective at attacking unaware monsters.
You have a pair of horns on your head.


Message History

The hobgoblin shouts!
The goblin shouts!
You see here a dagger.
Casting: Beastly Appendage
Confirm with . or Enter, or press ? or * to list all spells.
You grow a pair of large bovine horns.
You barely miss the goblin. Your headbutt misses the goblin.
The goblin hits you with a club.
You scratch the goblin.
You kill the goblin!
You closely miss the hobgoblin.
You claw the hobgoblin, but do no damage.
You scratch the hobgoblin.
The hobgoblin is lightly wounded.
The hobgoblin closely misses you.
You scratch the hobgoblin.
The hobgoblin is almost dead.
The hobgoblin hits you with a club.
Ouch! That really hurt!
You die...

##.## #########
######.#####........
............'........
#############........
#.........'........
#.......###........ .
#.......###........ #..
########.##............
#...##....g@..##......#....#
.........#######......#....#
.........# #......#....#
.........# #......# ..
.........# #......#
.........# #......#
....g....# #......#
........g' .........#


You could see a hobgoblin.

Vanquished Creatures
  A bat (D:1)
  2 goblins (D:1)
  A hobgoblin (D:1)
  A rat (D:1)
5 creatures vanquished.

Notes
Turn   | Place    | Note
-------+----------+-------------------------------------------
     0 | D:1      | AlphabetPasta the Felid Transmuter began the quest for the Orb.
     0 | D:1      | Reached XP level 1. HP: 9/9 MP: 4/4
   367 | D:1      | Slain by a hobgoblin

Vault maps used:
D:1:      minmay_arrival_split_and_join

Action                   || total
-------------------------++-------
Melee: Unarmed           ||    15
       Headbutt          ||     1
       Punch             ||     1
       Bite              ||     1
 Cast: Beastly Appendage ||     2
 Stab: Sleeping          ||     1
  Eat: Chunk             ||     6
Armor: Skin              ||     1
Dodge: Dodged            ||    14
